AoeStats
← GreatPerson25

Golden Pit

508788959Analyzed
1v1 RM · 7d ago on Sep 24, 2026· 31m 25s· 2 players
Game mode
Random Map
Map size
Tiny (2 player)
Population
200
Speed
Normal
Resources
Standard
Victory
Conquest
Starting age
Dark Age
Ending age
Imperial Age
RankedLock teamsTeams togetherTeam positionsShared explorationLock speedFull tech treeHidden civsTurbo modeCheats
Victory
Defeat
🇲🇽 Varangians · Mexico
1612
+19
🇺🇸 Mongols · United States
1683
-19
GreatPerson25
7:51 Feudal Age
9:41 Feudal Age
13:21 Castle Age
13:04 Double-Bit Axe
15:56 Loom
22:31 Bow Saw
22:03 Horse Collar
25:57 Stone Mining
クマ豚男
7:08 Loom
10:44 Feudal Age
11:45 Double-Bit Axe
22:30 Castle Age
22:45 Fletching
23:34 Bodkin Arrow
Connection lost

Rejoining the realm…

Still unreachable

The connection could not be restored.

Session expired

The server has moved on; the page needs a fresh start.